 Dungeon Sprint DCSS version 0.28.0-43-g3370ac3207 (webtiles) character file.

Game seed: 10732596893355411719

12721 boopmooplesden the Impaler (level 11, -2/96 HPs)
             Began as a Minotaur Berserker on Mar 30, 2022.
             Was the Champion of Trog.
             Slain by a 13-headed hydra (15 damage)
             ... while paralysed by a floating eye
             ... in the Dungeon (Sprint I: "Red Sonja").
             The game lasted 00:05:39 (1947 turns).

boopmooplesden the Impaler (Minotaur Berserker)     Turns: 1947, Time: 00:05:40

Health: -2/96      AC: 13    Str: 20    XL:     11   Next: 66%
Magic:  8/8        EV:  2    Int: -1    God:    Trog [******]
Gold:   174        SH:  0    Dex: 16    Spells: 10/10 levels left

rFire   + . .      SeeInvis .   x - +7 halberd of Exquisite Torment {vorpal, rPois Int-3 Dex+4}
rCold   . . .      Faith    .   (shield currently unavailable)
rNeg    . . .      Spirit   .   w - +4 ring mail "Kaddoorgh" {Harm rPois rF+}
rPois   +          Reflect  .   t - +0 hat
rElec   .          Harm     +   r - scarf {shadows}
rCorr   .          Rampage  .   s - +0 pair of gloves
Will    .....      Rage     1%  (no boots)
Stlth   ++........ NoTele   +   (no amulet)
HPRegen 1.06/turn               (no ring)
MPRegen 0.11/turn               (no ring)

@: paralysed, slowed, lost intelligence, unable to read
A: horns 2, retaliatory headbutt, berserk 1, clumsy 1, dopey 1, frail 2, low MP
1, regeneration 1, weak 1, subdued magic 1, inability to read while threatened
a: Renounce Religion, Berserk, Trog's Hand, Brothers in Arms


You were in the Dungeon.
You worshipped Trog.
Trog was exalted by your worship.
You visited 1 branch You collected 1511 gold pieces.
You spent 1337 gold pieces at shops.

Inventory:

Hand Weapons
 a - a +0 hand axe
 k - a +4 scythe of freezing
 m - a +3 bardiche of protection
 o - a +4 glaive of flaming
 x - the +7 halberd of Exquisite Torment (weapon) {vorpal, rPois Int-3 Dex+4}
   (Trog gifted it to you in the Dungeon)

   It inflicts extra damage upon your enemies.
   Int:       It affects your intelligence (-3).
   Dex:       It affects your dexterity (+4).
   rPois:     It protects you from poison.
Armour
 b - a +0 animal skin
 j - a +0 ring mail
 q - the +5 chain mail of the Saviour {Regen+}
   (You bought it in a shop in the Dungeon)

   Regen:     It increases your rate of health regeneration.
 r - a scarf of shadows (worn)
 s - a +0 pair of gloves (worn)
 t - a +0 hat (worn)
 w - the +4 ring mail "Kaddoorgh" (worn) {Harm rPois rF+}
   (You acquired it in the Dungeon)

   rF:        It protects you from fire.
   rPois:     It protects you from poison.
   Harm:      It increases damage dealt and taken.
 y - a +0 pair of gloves
Wands
 i - a wand of polymorph (17)
 n - a wand of iceblast (2)
Scrolls
 h - a scroll of blinking
 l - 2 scrolls of identify {unknown}
 p - a scroll of enchant armour {unknown}
 u - a scroll of enchant weapon {unknown}
 v - a scroll of silence {unknown}
Potions
 c - 3 potions of curing
 d - a potion of heal wounds
 e - a potion of haste
 f - 2 potions of magic
 g - a potion of berserk rage


   Skills:
 + Level 18.4 Fighting
 + Level 14.7(18.7) Axes
 + Level 18.9(20.7) Polearms
 + Level 11.8 Armour
 + Level 12.4 Dodging
 + Level 4.7 Stealth
 + Level 2.1 Unarmed Combat


You had 10 spell levels left.
You didn't know any spells.
Your spell library was empty.

Dungeon Overview and Level Annotations

Branches:
Dungeon (1/1)

Altars:
Cheibriados
Dithmenos
Elyvilon
Fedhas
Gozag
Hepliaklqana
Kikubaaqudgha
Makhleb
Nemelex Xobeh
Okawaru
Qazlal
Ru
Sif Muna
Trog
Uskayaw
Vehumet
Wu Jian
Xom
Yredelemnul
Zin
The Shining One
Jiyva
Lugonu

Shops:
D :[[([([=*?!![*=[(**[[


Innate Abilities, Weirdness & Mutations

You have a pair of horns on your head.
You reflexively headbutt those who attack you in melee.
You tend to lose your temper in combat.
You are clumsy. (Dex -2)
You are dopey. (Int -2)
You are very frail. (-20% HP)
Your magical capacity is low. (-10% MP)
Your natural rate of healing is unusually fast.
You are weak. (Str -2)
Your spells are a little easier to cast, but a little less powerful.
You sometimes lose the ability to read scrolls when taking damage.


Message History

There is an open door, spattered with blood here.
Items here: ††††††.
There is an open door, spattered with blood here.
Items here: ††††††.
Things that are here:
a +3 halberd of flaming; a +6 vorpal war axe
Okay, then.
There is an open door, spattered with blood here.
Items here: ††††††.
You open the door.
A 12-headed hydra and a floating eye come into view.
The floating eye moves out of view.
Found 27 gold pieces.
Found 27 gold pieces.
The floating eye turns its gaze towards you.
The floating eye's stare focuses on you.
There is an open door here.
The helpless 12-headed hydra fails to defend itself.
You hack one of the 12-headed hydra's heads off!
The 11-headed hydra grows two more!
You puncture the 13-headed hydra!
The 13-headed hydra is moderately wounded.
The 13-headed hydra barely misses you. The 13-headed hydra closely misses you.
The 13-headed hydra barely misses you. The 13-headed hydra bites you!
The 13-headed hydra barely misses you.
The 13-headed hydra bites you but does no damage.
The 13-headed hydra bites you. x2
You feel threatened and lose the ability to read scrolls!
The 13-headed hydra completely misses you.
The 13-headed hydra bites you. The 13-headed hydra bites you!
The 13-headed hydra bites you but does no damage.
The 13-headed hydra barely misses you.
The floating eye gazes piercingly through you!
You suddenly lose the ability to move!
The 13-headed hydra bites you! The 13-headed hydra bites you.
The 13-headed hydra bites you!
* * * LOW HITPOINT WARNING * * *
The 13-headed hydra bites you!
* * * LOW HITPOINT WARNING * * *
The 13-headed hydra bites you!
You die...

####################
.#..#§..)†...§§§@D$#
†##§#§####§§..§##G.+
))..#§# ##.§§## ###
##§§'.# ###+#
##'#### #.°. #..°.
###°°. §.#°°.#


You could see a 13-headed hydra and a floating eye.

Vanquished Creatures
  2 centaur warriors (D)
  Sonja (D)
  A deep troll (D)
  A lindwurm (D)
  8 shining eyes (D)
  An oklob plant (D)
  A gargoyle (D)
  2 unseen horrors (D)
  2 kobold demonologists (D)
  4 demonic crawlers (D)
  A slime creature (D)
  A hornet (D)
  Sigmund (D)
  A yak (D)
  13 hogs (D)
  2 redbacks (D)
  6 floating eyes (D)
  An ogre (D)
  7 necrophages (D)
  8 jellies (D)
  Ijyb (D)
65 creatures vanquished.

Vanquished Creatures (others)
  2 ballistomycete spores (D)
2 creatures vanquished.

Grand Total: 67 creatures vanquished

Notes
Turn   | Place    | Note
-------+----------+-------------------------------------------
     0 | D        | boopmooplesden the Minotaur Berserker began the quest for
                  | the Orb.
     0 | D        | Reached XP level 1. HP: 19/19 MP: 0/0
     1 | D        | Noticed Ijyb
     6 | D        | Killed Ijyb
     7 | D        | Reached skill level 5 in Fighting
     7 | D        | Reached skill level 5 in Axes
     7 | D        | Reached XP level 2. HP: 29/29 MP: 1/1
    76 | D        | Noticed an ogre
    80 | D        | Killed an ogre
    81 | D        | Reached XP level 3. HP: 40/40 MP: 2/2
    81 | D        | Reached XP level 4. HP: 48/48 MP: 3/3
   297 | D        | Noticed Sigmund
   311 | D        | Killed Sigmund
   311 | D        | Reached ** piety under Trog
   312 | D        | Reached skill level 10 in Axes
   312 | D        | Reached skill level 5 in Armour
   312 | D        | Reached skill level 5 in Dodging
   312 | D        | Reached skill level 1 in Unarmed Combat
   312 | D        | Reached XP level 5. HP: 42/57 MP: 4/4
   312 | D        | Reached XP level 6. HP: 48/64 MP: 5/5
   359 | D        | Found a burning altar of Makhleb.
   359 | D        | Found a viscous altar of Jiyva.
   359 | D        | Found a shimmering altar of Xom.
   359 | D        | Found a corrupted altar of Lugonu.
   359 | D        | Noticed a slime creature
   363 | D        | Killed a slime creature
   364 | D        | Reached skill level 10 in Fighting
   364 | D        | Reached skill level 1 in Polearms
   364 | D        | Reached skill level 1 in Stealth
   377 | D        | Noticed a kobold demonologist
   377 | D        | Noticed a floating eye
   379 | D        | Noticed a kobold demonologist
   381 | D        | Noticed a smoke demon
   382 | D        | Killed a kobold demonologist
   383 | D        | Reached XP level 7. HP: 75/75 MP: 6/6
   383 | D        | Reached *** piety under Trog
   389 | D        | Killed a kobold demonologist
   390 | D        | Reached XP level 8. HP: 65/85 MP: 7/7
   413 | D        | Found an ornate altar of the Wu Jian Council.
   413 | D        | Found a shimmering blue altar of Sif Muna.
   415 | D        | Found a radiant altar of Vehumet.
   421 | D        | Noticed a centaur warrior
   421 | D        | Noticed a centaur warrior
   435 | D        | Killed a centaur warrior
   435 | D        | Reached **** piety under Trog
   439 | D        | Killed a centaur warrior
   440 | D        | Reached XP level 9. HP: 26/96 MP: 8/8
   622 | D        | Found Haked's Antique Weapon Emporium.
   622 | D        | Found an ancient bone altar of Kikubaaqudgha.
   622 | D        | Found a hazy altar of Hepliaklqana.
   622 | D        | Found a hide-covered altar of Uskayaw.
   622 | D        | Found a basalt altar of Yredelemnul.
   622 | D        | Found an opulent altar of Gozag.
   622 | D        | Found a snail-covered altar of Cheibriados.
   622 | D        | Found a sacrificial altar of Ru.
   622 | D        | Found a shadowy altar of Dithmenos.
   626 | D        | Found a stormy altar of Qazlal.
   626 | D        | Found a blossoming altar of Fedhas.
   626 | D        | Found a bloodstained altar of Trog.
   626 | D        | Found an iron altar of Okawaru.
   626 | D        | Found a glowing golden altar of the Shining One.
   626 | D        | Found a glowing silver altar of Zin.
   626 | D        | Found a white marble altar of Elyvilon.
   627 | D        | Found a sparkling altar of Nemelex Xobeh.
   631 | D        | Bought a runed bardiche for 300 gold pieces
   924 | D        | Noticed an oklob plant
   930 | D        | Killed an oklob plant
   931 | D        | Reached skill level 15 in Fighting
   969 | D        | Reached ***** piety under Trog
   970 | D        | Reached skill level 10 in Polearms
  1006 | D        | Killed an unseen horror
  1021 | D        | Killed an unseen horror
  1390 | D        | Reached XP level 10. HP: 101/106 MP: 9/9
  1405 | D        | Received a gift from Trog
  1416 | D        | Reached ****** piety under Trog
  1466 | D        | Found Jaesoa Sanugh's Jewellery Shoppe.
  1466 | D        | Found Gureetas's Antique Armour Shop.
  1466 | D        | Found Reusogh's General Store.
  1468 | D        | Found Suempoz's Magic Scroll Emporium.
  1468 | D        | Found Ysom's Distillery.
  1468 | D        | Found Keavaqi's Distillery.
  1468 | D        | Found Doasariu's Armour Boutique.
  1468 | D        | Found Xosorru's Assorted Antiques.
  1468 | D        | Found Vevu's Jewellery Shop.
  1468 | D        | Found Ebbat's Armour Shoppe.
  1470 | D        | Bought a faintly humming chain mail for 190 gold pieces
  1470 | D        | Identified the +5 chain mail of the Saviour {Regen+} (You
                  | bought it in a shop in the Dungeon)
  1483 | D        | Found Fuopp's Weapon Boutique.
  1484 | D        | Found Fonos's General Store.
  1484 | D        | Found Efaot's General Store.
  1485 | D        | Found Xagar's Antique Armour Emporium.
  1487 | D        | Bought a scarf of shadows for 168 gold pieces
  1487 | D        | Bought a +0 pair of gloves for 63 gold pieces
  1506 | D        | Bought a +0 hat for 44 gold pieces
  1546 | D        | Noticed a deep troll
  1548 | D        | Killed a deep troll
  1549 | D        | Reached skill level 10 in Dodging
  1560 | D        | Found Fothrez Wesi's Armour Emporium.
  1572 | D        | Noticed Sonja
  1577 | D        | Killed Sonja
  1577 | D        | Received a gift from Trog
  1578 | D        | Reached skill level 10 in Armour
  1651 | D        | Bought a scroll of acquirement for 572 gold pieces
  1651 | D        | Acquired the +4 ring mail "Kaddoorgh" {Harm rPois rF+}
  1706 | D        | Found Boni's Book Boutique.
  1714 | D        | Noticed a shining eye
  1714 | D        | Noticed a shining eye
  1715 | D        | Noticed a shining eye
  1715 | D        | Noticed a shining eye
  1715 | D        | Noticed a shining eye
  1715 | D        | Noticed a shining eye
  1718 | D        | Gained mutation: Your natural rate of healing is unusually
                  | fast. [a shining eye]
  1719 | D        | Noticed a shining eye
  1719 | D        | Noticed a shining eye
  1720 | D        | Gained mutation: You sometimes lose the ability to read
                  | scrolls when taking damage. [a shining eye]
  1720 | D        | Gained mutation: You are weak. (Str -2) [a shining eye]
  1721 | D        | Gained mutation: You are dopey. (Int -2) [a shining eye]
  1722 | D        | Gained mutation: You are clumsy. (Dex -2) [a shining eye]
  1723 | D        | Gained mutation: Your magical capacity is low. (-10% MP) [a
                  | shining eye]
  1726 | D        | Killed a shining eye
  1727 | D        | Reached skill level 15 in Polearms
  1728 | D        | Gained mutation: You are frail. (-10% HP) [a shining eye]
  1730 | D        | Gained mutation: Your spells are a little easier to cast,
                  | but a little less powerful. [a shining eye]
  1731 | D        | Killed a shining eye
  1732 | D        | Killed a shining eye
  1732 | D        | Identified the +7 halberd of Exquisite Torment {vorpal,
                  | rPois Int-3 Dex+4} (Trog gifted it to you in the Dungeon)
  1732 | D        | Received a gift from Trog
  1734 | D        | Killed a shining eye
  1735 | D        | Reached XP level 11. HP: 105/105 MP: 8/8
  1736 | D        | Gained mutation: You tend to lose your temper in combat. [a
                  | shining eye]
  1737 | D        | Killed a shining eye
  1741 | D        | Killed a shining eye
  1744 | D        | Gained mutation: You are very frail. (-20% HP) [a shining
                  | eye]
  1745 | D        | Killed a shining eye
  1746 | D        | Killed a shining eye
  1755 | D        | Found Ywerasecs's Armour Shop.
  1755 | D        | Found Imoavo's Armour Shoppe.
  1755 | D        | Found Duextiamp's Weapon Boutique.
  1755 | D        | Found Irhuv's Antique Armour Emporium.
  1785 | D        | Lost intelligence.
  1817 | D        | Received a gift from Trog
  1884 | D        | Noticed a lindwurm
  1891 | D        | Killed a lindwurm
  1904 | D        | Received a gift from Trog
  1919 | D        | Received a gift from Trog
  1944 | D        | Noticed a 12-headed hydra
  1946 | D        | Paralysed by a floating eye for 2 turns
  1947 | D        | Slain by a 13-headed hydra

Illustrated notes

Levels and vault maps discovered:
D:        dungeon_sprint_1 [red_sonja_temple_1, red_sonja_temple_small_1]

Skill      XL: |  1  2  3  4  5  6  7  8  9 10 11 |
---------------+----------------------------------+-----
Fighting       | 5 7 9 11 12 14 15 17 18 | 18.4
Axes           | 5 8 10 12 13 14 | 14.7
Armour         | 3 4 5 7 8 9 10 11 | 11.8
Dodging        | 3 5 6 7 8 9 11 12 | 12.4
Unarmed Combat | 1 2 |  2.1
Polearms       | 2 3 7 11 16 18 | 18.9
Stealth        | 1 2 3 4 |  4.7

Action                   |  1- 3 |  4- 6 |  7- 9 | 10-12 || total
-------------------------+-------+-------+-------+-------++-------
Melee: Unarmed           |     2 |       |       |       ||     2
       Hand axe          |     4 |     7 |       |       ||    11
       Headbutt          |       |     3 |    12 |    18 ||    33
       Scythe            |       |     6 |    19 |       ||    25
       Bardiche          |       |       |    35 |    22 ||    57
       Glaive            |       |       |       |    35 ||    35
       Halberd           |       |       |       |    51 ||    51
Invok: Berserk           |     2 |     2 |     3 |     3 ||    10
  Use: Scroll            |       |       |       |     1 ||     1
 Stab: Sleeping          |       |       |     1 |     2 ||     3
Armor: Ring mail         |       |     3 |    37 |    36 ||    76
       Chain mail        |       |       |       |     5 ||     5
Dodge: Dodged            |     2 |    11 |    42 |   108 ||   163
